Map: 暮色之塔

Players

Quail

  • Race: Protoss Protoss
  • League: Diamond

快上我想被干菊花 - Winner!

  • Race: Zerg Zerg
  • League: Gold

VOD

Have the link to the VOD?

Description

Time

  • Played on: Dec. 5, 2015, 3:53 a.m.
  • Length: 12:10
Show
View Real Time Build Order
Export as new Build Order

Quail Protoss 

Build Orders: 1 Gate Expand, Oracle Opening 

Get SALT Encoding   

  12  0:01  Probe (Chrono Boost)  
  13  0:13  Pylon  
  13  0:18  Probe (Chrono Boost)  
  15  0:28  Probe (Chrono Boost)  
  15  0:35  Gateway  
  15  0:39  Probe (Chrono Boost)  
  16  0:49  Probe (Chrono Boost)  
  17  0:50  Assimilator  
  17  1:00  Probe (Chrono Boost)  
  18  1:10  Probe (Chrono Boost)  
  19  1:25  Nexus  
  19  1:29  Probe (Chrono Boost)  
  20  1:39  Probe (Chrono Boost)  
  21  1:43  Cybernetics Core  
  21  1:48  Assimilator  
  21  1:53  Probe (Chrono Boost)  
  22  2:00  Pylon  
  22  2:04  Probe (Chrono Boost)  
  23  2:18  Probe (Chrono Boost)  
  24  2:23  Adept (Chrono Boost)  
  24  2:25  Warp Gate  
  24  2:29  Probe  
  27  2:31  Stargate  
  27  2:37  Probe  
  27  2:41  Probe  
  29  2:49  Pylon  
  31  2:51  Probe, Adept (Chrono Boost)  
  31  2:56  Probe  
  33  3:01  Mothership Core  
  35  3:08  Probe  
  36  3:19  Oracle (Chrono Boost)  
  36  3:20  Probe  
  36  3:21  Probe  
  41  3:31  Probe  
  41  3:33  Probe  
  43  3:35  Assimilator  
  43  3:38  Assimilator  
  43  3:41  Probe  
  43  3:45  Pylon  
  43  3:46  Adept  
  46  3:53  Gateway  
  46  3:57  Probe  
  46  3:58  Probe  
  48  4:08  Probe  
  49  4:11  Probe  
  49  4:16  Gateway  
  48  4:18  Probe  
  48  4:23  Probe  
  50  4:29  Probe  
  51  4:35  Probe  
  51  4:37  Void Ray (Chrono Boost)  
  53  4:39  Probe  
  53  4:41  Nexus  
  53  4:44  Pylon  
  54  4:47  Probe  
  55  4:59  Gateway  
  55  5:02  Gateway  
  55  5:03  Pylon  
  55  5:04  Stalker  
  55  5:06  Stalker  
  63  5:14  Void Ray (Chrono Boost)  
  63  5:23  Robotics Facility  
  63  5:29  Stalker x2  
  67  5:44  Stalker  
  69  5:51  Void Ray (Chrono Boost)  
  69  5:52  Pylon  
  69  5:54  Probe x2  
  75  5:58  Twilight Council  
  75  6:05  Stalker x3  
  75  6:06  Probe  
  75  6:08  Probe  
  75  6:09  Probe  
  84  6:20  Warp Prism (Chrono Boost)  
  86  6:27  Fleet Beacon  
  86  6:32  Probe x2  
  86  6:34  Probe  
  89  6:43  Probe  
  89  6:45  Phoenix  
  89  6:46  Probe  
  93  6:52  Observer (Chrono Boost)  
  93  6:55  Adept x4  
  101  7:03  Blink (Chrono Boost)  
  101  7:05  Forge  
  101  7:10  Pylon  
  101  7:12  Pylon  
  101  7:13  Pylon  
  101  7:27  Probe x2  
  101  7:28  Probe, Phoenix  
  101  7:29  Stalker, Observer (Chrono Boost)  
  109  7:31  Stalker x3  
  109  7:34  Pylon  
  115  7:37  Probe x2  
  115  7:40  Probe  
  115  7:43  Adept  
  118  7:58  Adept x2  
  118  7:59  Adept x2  
  118  8:02  Phoenix (Chrono Boost)  
  122  8:09  Stargate  
  112  8:15  Stalker, Photon Cannon  
  112  8:17  Photon Cannon  
  114  8:22  Photon Cannon  
  114  8:27  Probe, Protoss Ground Weapons Level 1  
  114  8:29  Pylon  
  114  8:31  Pylon  
  115  8:45  Stalker  
  116  8:54  Phoenix x2  
  115  9:03  Stalker x2  
  115  9:04  Stalker x2  
  115  9:05  Probe  
  115  9:06  Probe  
  125  9:11  Photon Cannon  
  125  9:13  Photon Cannon  
  125  9:20  Photon Cannon  
  125  9:21  Stalker  
  127  9:24  Templar Archives  
  127  9:25  Photon Cannon  
  127  9:26  Photon Cannon, Assimilator  
  127  9:29  Photon Cannon  
  127  9:31  Assimilator  
  127  9:33  Photon Cannon  
  127  9:34  Phoenix  
  127  9:38  Adept x2, Photon Cannon  
  133  9:46  Pylon  
  133  9:54  Pylon  
  133  9:59  Photon Cannon  
  133  10:04  Phoenix  
  135  10:15  Probe x2  
  135  10:17  Probe  
  122  10:29  Probe  
  123  10:37  Adept  
  123  10:38  Adept x4  
  133  10:44  Psionic Storm  
  133  10:46  Gateway  
  133  10:48  Gateway  
  141  10:50  Gateway  
  141  10:52  Warp Prism  
  141  10:59  Nexus  
  141  11:01  Pylon  
  141  11:02  Phoenix  
  143  11:11  Pylon  
  143  11:12  Adept x3  
  149  11:21  Adept, Photon Cannon  
  149  11:22  Adept  
  149  11:24  Photon Cannon  
  159  11:39  Adept x2  
  163  11:40  Adept  
  125  12:00  Adept x4  
  125  12:01  Adept x2  
Show
View Real Time Build Order
Export as new Build Order

快上我想被干菊花 Zerg - Winner!

Build Orders: Hatch First, Lurkers 

Get SALT Encoding   

  12  0:02  Drone  
  13  0:08  Drone  
  14  0:17  Overlord  
  14  0:37  Drone x3  
  17  0:47  Drone  
  18  0:57  Hatchery  
  18  1:01  Drone  
  18  1:17  Extractor  
  17  1:18  Drone  
  17  1:19  Spawning Pool  
  17  1:23  Drone  
  18  1:30  Overlord  
  18  1:41  Drone  
  19  1:52  Drone  
  20  2:05  Queen  
  20  2:08  Drone  
  23  2:09  Queen  
  23  2:11  Drone  
  26  2:18  Metabolic Boost  
  26  2:24  Zergling x2  
  27  2:31  Zergling x2  
  27  2:36  Hatchery  
  27  2:39  Drone  
  28  2:45  Queen  
  30  2:54  Queen  
  33  2:58  Drone  
  33  3:01  Drone  
  33  3:04  Drone  
  35  3:06  Drone  
  36  3:32  Overlord  
  36  3:37  Overlord x2  
  36  3:40  Lair, Extractor x2  
  36  3:41  Drone x2  
  36  3:43  Extractor  
  35  3:50  Zergling x2  
  35  3:51  Drone x2, Zergling x2  
  35  3:54  Drone  
  40  3:59  Queen  
  40  4:02  Drone  
  42  4:21  Spore Crawler  
  39  4:27  Drone x6  
  39  4:28  Drone x3  
  42  4:36  Drone x3  
  45  4:49  Spire  
  45  4:51  Drone  
  45  4:57  Spore Crawler  
  44  5:10  Drone x4  
  44  5:11  Drone x3  
  51  5:15  Drone  
  51  5:16  Drone  
  51  5:18  Drone  
  54  5:23  Drone x2  
  56  5:31  Drone  
  56  5:32  Drone  
  56  5:33  Drone x3  
  56  5:35  Drone  
  62  5:36  Drone  
  63  5:44  Zergling x4  
  63  5:46  Overlord  
  63  5:47  Overlord  
  65  5:58  Extractor  
  65  5:59  Overlord  
  65  6:00  Mutalisk, Extractor  
  65  6:03  Pneumatized Carapace  
  65  6:06  Mutalisk, Zerg Flyer Armor Level 1  
  65  6:09  Mutalisk  
  65  6:11  Drone  
  70  6:12  Drone  
  70  6:14  Mutalisk  
  70  6:16  Drone  
  75  6:18  Drone  
  75  6:19  Drone  
  75  6:25  Mutalisk, Spore Crawler  
  76  6:30  Mutalisk  
  76  6:31  Mutalisk  
  81  6:35  Mutalisk  
  81  6:38  Mutalisk  
  85  6:40  Drone  
  85  6:42  Drone  
  85  6:43  Drone  
  85  6:46  Drone  
  89  6:52  Overlord x2  
  89  7:04  Overlord  
  89  7:09  Hydralisk Den  
  89  7:10  Drone x2  
  89  7:11  Mutalisk  
  89  7:14  Hatchery, Mutalisk  
  93  7:17  Drone x2  
  93  7:19  Drone  
  93  7:21  Drone x2  
  98  7:24  Mutalisk  
  100  7:30  Mutalisk  
  100  7:31  Mutalisk  
  100  7:34  Mutalisk  
  100  7:35  Mutalisk  
  108  7:40  Muscular Augments  
  108  7:41  Drone  
  108  7:43  Drone  
  110  7:49  Mutalisk  
  110  7:51  Mutalisk  
  109  7:55  Mutalisk  
  110  8:06  Drone x4  
  110  8:07  Drone x2  
  110  8:10  Mutalisk  
  113  8:18  Zerg Flyer Weapons Level 1  
  113  8:20  Overlord x2  
  113  8:27  Drone x4  
  115  8:28  Drone x2  
  115  8:29  Overlord  
  119  8:34  Drone, Infestation Pit  
  119  8:36  Evolution Chamber  
  119  8:37  Queen  
  119  8:39  Evolution Chamber  
  103  9:06  Hydralisk  
  103  9:07  Hydralisk x12  
  129  9:10  Hydralisk x2  
  129  9:14  Lurker Den  
  133  9:19  Zerg Missile Weapons Level 1, Drone  
  133  9:20  Drone  
  133  9:23  Drone x2  
  137  9:27  Extractor  
  137  9:29  Overlord  
  136  9:32  Hydralisk x3  
  142  9:40  Overseer  
  142  9:41  Overseer x2  
  142  9:42  Drone x2  
  144  9:46  Spore Crawler, Extractor  
  144  9:48  Hydralisk  
  144  9:50  Overlord x2  
  144  10:02  Overlord x2  
  144  10:06  Zerg Ground Armor Level 1  
  144  10:08  Hive  
  144  10:09  Drone x2  
  144  10:10  Drone x2  
  138  10:27  Hydralisk  
  138  10:28  Hydralisk x5  
  126  10:32  Hatchery  
  135  10:43  Lurker x4  
  135  10:47  Drone x2  
  135  10:48  Drone x2  
  143  10:52  Hydralisk x2  
  143  10:53  Hydralisk  
  143  10:54  Zergling x12  
  143  10:55  Zergling x4  
  143  10:56  Zergling x4  
  143  10:57  Zergling x2  
  160  10:58  Zergling x4  
  162  11:05  Hydralisk x3  
  162  11:06  Zergling x2  
  162  11:07  Zergling x2  
  162  11:11  Zergling x2  
  171  11:13  Zergling x6  
  174  11:21  Drone x2  
  174  11:22  Ultralisk Cavern  
  174  11:24  Drone  
  174  11:25  Overlord  
Tags
 
Add a new tag
Caveats
  • Supply blocks, unpowered buildings, or Contaminate may cause inaccurate times.
  • Supply counts are checked every 10 seconds.